3AA
BELVEDERE PARK RAWHIDES @ YAKIMA HOPS
08/11/2034
 
TOP OF THE 1ST
Belvedere Park Rawhides batting - Pitching for Yakima Hops : RHP Elroy Quaid
Pitching: RHP Elroy Quaid
Batting: RHB Woodrow McGuire 0-0: Called Strike
0-1: Fly out, F3 (Popup, 23F)
Batting: LHB Ken Gill 0-0: Ball
1-0: Called Strike
1-1: Called Strike
1-2: Fly out, F8 (Flyball, 78S)
Batting: RHB Domingo Trujillo 0-0: Foul Ball, location: 2F
0-1: Ball
1-1: Ball
2-1: Called Strike
2-2: Ball
3-2: Base on Balls
Batting: RHB Pat Lloyd 0-0: Called Strike
0-1: Ball
1-1: Ball
Wild Pitch!
Domingo Trujillo to second
2-1: Foul Ball, location: 2F
2-2: Fly out, F8 (Flyball, 8LD)
Top of the 1st over - 0 runs, 0 hits, 0 errors, 1 left on base; Belvedere Park 0 - Yakima 0
BOTTOM OF THE 1ST
Yakima Hops batting - Pitching for Belvedere Park Rawhides : LHP Alfredo Córdova
Pitching: LHP Alfredo Córdova
Batting: RHB Sergio Torres 0-0: Ball
1-0: Ball
2-0: Called Strike
2-1: Fly out, F3 (Popup, 3SF)
Batting: RHB Vonne Navarrete 0-0: Called Strike
0-1: Ground out 6-3 (Groundball, 6D)
Batting: RHB Lee Scrooby 0-0: Ball
1-0: Foul Ball, location: 2F
1-1: Foul Ball, location: 2F
1-2: Ball
2-2: Ground out 5-3 (Groundball, 5)
Bottom of the 1st over - 0 runs, 0 hits, 0 errors, 0 left on base; Belvedere Park 0 - Yakima 0
TOP OF THE 2ND
Belvedere Park Rawhides batting - Pitching for Yakima Hops : RHP Elroy Quaid
Batting: RHB Pat Sizemore 0-0: Called Strike
0-1: Ball
1-1: Ball
2-1: SINGLE (Line Drive, 34D)
Batting: RHB David Martínez 0-0: Swinging Strike
0-1: Ball
1-1: Grounds into double play, 6-4-3 (Groundball, 6)
Batting: RHB Hang-ki Chung 0-0: Called Strike
0-1: Swinging Strike
0-2: Strikes out swinging
Top of the 2nd over - 0 runs, 1 hit, 0 errors, 0 left on base; Belvedere Park 0 - Yakima 0
BOTTOM OF THE 2ND
Yakima Hops batting - Pitching for Belvedere Park Rawhides : LHP Alfredo Córdova
Batting: LHB Gustavo Deleón 0-0: Foul Ball, location: 2F
0-1: Ball
1-1: Ball
2-1: SINGLE (Flyball, 8RM)
Batting: RHB Carlo Beedle 0-0: Ball
1-0: Ball
2-0: Called Strike
2-1: Ball
3-1: SINGLE (Groundball, 34D)
Gustavo Deleón to second
Runner from 2nd tries for 3rd, SAFE, no throw
Batting: LHB Wulf Paauwe 0-0: Ball
1-0: Called Strike
1-1: Foul Ball, location: 2F
1-2: Grounds out, U3 (Groundball, 3L)
Gustavo Deleón scores
Batting: LHB Héctor Velázquez 0-0: Called Strike
0-1: Ball
1-1: Ball
2-1: SINGLE (Groundball, 6D)
Carlo Beedle to third
Batting: RHB George Hubbard 0-0: DOUBLE (Flyball, 7D)
Carlo Beedle scores
Héctor Velázquez to third
Batting: SHB Zack Murphy 0-0: Ball
1-0: Reached via error on a dropped throw, E1
Héctor Velázquez scores
George Hubbard to third
Batting: RHB Sergio Torres 0-0: Called Strike
Throwing error on steal attempt, E2
George Hubbard scores
Zack Murphy to third
0-1: Ball
1-1: Called Strike
1-2: Strikes out swinging
Batting: RHB Vonne Navarrete 0-0: Foul Ball, location: 2F
0-1: Foul Ball, location: 2F
0-2: Fly out, F7 (Flyball, 78M)
Bottom of the 2nd over - 4 runs, 4 hits, 2 errors, 1 left on base; Belvedere Park 0 - Yakima 4
TOP OF THE 3RD
Belvedere Park Rawhides batting - Pitching for Yakima Hops : RHP Elroy Quaid
Batting: RHB Mike Printup 0-0: Called Strike
0-1: Ball
1-1: Swinging Strike
1-2: Ball
2-2: Strikes out swinging
Batting: RHB Wallace Belyeu 0-0: Fly out, F9 (Flyball, 89D)
Batting: RHB Woodrow McGuire 0-0: Ball
1-0: Ball
2-0: Ball
3-0: Called Strike
3-1: Ground out 5-3 (Groundball, 5)
Top of the 3rd over - 0 runs, 0 hits, 0 errors, 0 left on base; Belvedere Park 0 - Yakima 4
BOTTOM OF THE 3RD
Yakima Hops batting - Pitching for Belvedere Park Rawhides : LHP Alfredo Córdova
Batting: RHB Lee Scrooby 0-0: Called Strike
0-1: Foul Ball, location: 2F
0-2: Strikes out swinging
Batting: LHB Gustavo Deleón 0-0: Ball
1-0: Ball
2-0: Ground out 5-3 (Groundball, 56)
Batting: RHB Carlo Beedle 0-0: Called Strike
0-1: Swinging Strike
0-2: Foul Ball, location: 2F
0-2: Ball
1-2: Ball
2-2: Foul Ball, location: 2F
2-2: Fly out, F7 (Flyball, 7S)
Bottom of the 3rd over - 0 runs, 0 hits, 0 errors, 0 left on base; Belvedere Park 0 - Yakima 4
TOP OF THE 4TH
Belvedere Park Rawhides batting - Pitching for Yakima Hops : RHP Elroy Quaid
Batting: LHB Ken Gill 0-0: Ball
1-0: Called Strike
1-1: Ball
2-1: Ground out 4-3 (Groundball, 4)
Batting: RHB Domingo Trujillo 0-0: Called Strike
0-1: Ball
1-1: Called Strike
1-2: Ball
2-2: Strikes out looking
Batting: RHB Pat Lloyd 0-0: Ball
1-0: Swinging Strike
1-1: Ground out 6-3 (Groundball, 6M)
Top of the 4th over - 0 runs, 0 hits, 0 errors, 0 left on base; Belvedere Park 0 - Yakima 4
BOTTOM OF THE 4TH
Yakima Hops batting - Pitching for Belvedere Park Rawhides : LHP Alfredo Córdova
Batting: LHB Wulf Paauwe 0-0: Ball
1-0: Ball
2-0: Swinging Strike
2-1: Ball
3-1: Called Strike
3-2: Base on Balls
Batting: LHB Héctor Velázquez 0-0: Fly out, F8 (Line Drive, 78M)
Batting: RHB George Hubbard 0-0: Called Strike
0-1: Ball
1-1: Ball
2-1: Foul Ball, location: 2F
2-2: Ball
3-2: Base on Balls
Wulf Paauwe to second
Batting: SHB Zack Murphy 0-0: Ball
1-0: Foul Ball, location: 2F
1-1: Called Strike
1-2: Strikes out swinging
Batting: RHB Sergio Torres 0-0: Foul Ball, location: 2F
0-1: Called Strike
0-2: Ball
1-2: Strikes out swinging
Bottom of the 4th over - 0 runs, 0 hits, 0 errors, 2 left on base; Belvedere Park 0 - Yakima 4
TOP OF THE 5TH
Belvedere Park Rawhides batting - Pitching for Yakima Hops : RHP Elroy Quaid
Batting: RHB Pat Sizemore 0-0: Ball
1-0: Called Strike
1-1: Fly out, F9 (Line Drive, 9S)
Batting: RHB David Martínez 0-0: Called Strike
0-1: Ball
1-1: Foul Ball, location: 2F
1-2: Strikes out swinging
Batting: RHB Hang-ki Chung 0-0: Foul Ball, location: 2F
0-1: SINGLE (Groundball, 5D)
Batting: RHB Mike Printup 0-0: Called Strike
0-1: Ball
1-1: Ground out U3 (Groundball, 3)
Top of the 5th over - 0 runs, 1 hit, 0 errors, 1 left on base; Belvedere Park 0 - Yakima 4
BOTTOM OF THE 5TH
Yakima Hops batting - Pitching for Belvedere Park Rawhides : LHP Alfredo Córdova
Batting: RHB Vonne Navarrete 0-0: Called Strike
0-1: Ball
1-1: Ball
2-1: Foul Ball, location: 2F
2-2: Ball
3-2: SOLO HOME RUN (Flyball, 78XD), Distance : 429 ft
Batting: RHB Lee Scrooby 0-0: Called Strike
0-1: Called Strike
0-2: Foul Ball, location: 2F
0-2: Ball
1-2: Ball
2-2: Fly out, F8 (Line Drive, 8LD)
Batting: LHB Gustavo Deleón 0-0: Ball
1-0: Foul Ball, location: 2F
1-1: Ball
2-1: Swinging Strike
2-2: Strikes out looking
Batting: RHB Carlo Beedle 0-0: Ball
1-0: SINGLE (Flyball, 78M)
Pitching: RHP Timoteo Sassetti
Batting: LHB Wulf Paauwe 0-0: DOUBLE (Flyball, 8RXD)
Carlo Beedle to third
Runner from 3rd tries for Home, SAFE, no throw
Batting: LHB Héctor Velázquez 0-0: Ball
1-0: Foul Ball, location: 2F
1-1: Swinging Strike
1-2: Foul Ball, location: 2F
1-2: Ground out 6-3 (Groundball, 6M)
Bottom of the 5th over - 2 runs, 3 hits, 0 errors, 1 left on base; Belvedere Park 0 - Yakima 6
TOP OF THE 6TH
Belvedere Park Rawhides batting - Pitching for Yakima Hops : RHP Elroy Quaid
Batting: RHB Wallace Belyeu 0-0: Ball
1-0: Ground out 6-3 (Groundball, 6)
Batting: RHB Woodrow McGuire 0-0: Ball
1-0: Ball
2-0: Ground out 4-3 (Groundball, 4)
Pitching: RHP Rodrigo Hagen
Batting: LHB Ken Gill 0-0: Called Strike
0-1: Swinging Strike
0-2: Ball
1-2: Ball
2-2: SINGLE (Groundball, 34D)
Batting: RHB Domingo Trujillo 0-0: Called Strike
0-1: Foul Ball, location: 2F
0-2: Ball
1-2: Ground out 1-3 (Groundball, 13)
Top of the 6th over - 0 runs, 1 hit, 0 errors, 1 left on base; Belvedere Park 0 - Yakima 6
BOTTOM OF THE 6TH
Yakima Hops batting - Pitching for Belvedere Park Rawhides : RHP Timoteo Sassetti
Batting: RHB George Hubbard 0-0: Called Strike
0-1: Swinging Strike
0-2: SINGLE (Line Drive, 4MD)
Batting: SHB Zack Murphy 0-0: Called Strike
0-1: Called Strike
0-2: Ball
1-2: Foul Ball, location: 2F
1-2: Strikes out swinging
Batting: RHB Sergio Torres 0-0: Ball
1-0: SINGLE (Line Drive, 4D)
George Hubbard to second
Runner from 2nd tries for 3rd, SAFE, no throw
Batting: RHB Vonne Navarrete 0-0: Called Strike
0-1: Called Strike
0-2: Grounds into double play, 6-4-3 (Groundball, 6)
Bottom of the 6th over - 0 runs, 2 hits, 0 errors, 1 left on base; Belvedere Park 0 - Yakima 6
TOP OF THE 7TH
Belvedere Park Rawhides batting - Pitching for Yakima Hops : RHP Rodrigo Hagen
Batting: RHB Pat Lloyd 0-0: Called Strike
0-1: Ball
1-1: Ground out 5-3 (Groundball, 56)
Batting: RHB Pat Sizemore 0-0: Called Strike
0-1: Foul Ball, location: 2F
0-2: Ball
1-2: Ball
2-2: Ball
3-2: Strikes out looking
Batting: RHB David Martínez 0-0: Ball
1-0: Foul Ball, location: 2F
1-1: Foul Ball, location: 2F
1-2: Foul Ball, location: 2F
1-2: Ball
2-2: Strikes out swinging
Top of the 7th over - 0 runs, 0 hits, 0 errors, 0 left on base; Belvedere Park 0 - Yakima 6
BOTTOM OF THE 7TH
Yakima Hops batting - Pitching for Belvedere Park Rawhides : RHP Timoteo Sassetti
Batting: RHB Lee Scrooby 0-0: Called Strike
0-1: Fly out, F7 (Flyball, 78D)
Batting: LHB Gustavo Deleón 0-0: Swinging Strike
0-1: Ball
1-1: Ball
2-1: Ball
3-1: Base on Balls
Batting: RHB Carlo Beedle 0-0: Ball
1-0: Ball
2-0: Ball
3-0: Called Strike
3-1: Fly out, F7 (Flyball, 7LS)
Batting: LHB Wulf Paauwe 0-0: Swinging Strike
0-1: Ball
1-1: Ball
2-1: SINGLE (Groundball, 34D)
Gustavo Deleón to second
Runner from 2nd tries for 3rd, SAFE, no throw
Batting: LHB Héctor Velázquez 0-0: Ball
1-0: Ball
2-0: Foul Ball, location: 2F
2-1: Swinging Strike
2-2: Ball
3-2: Base on Balls
Wulf Paauwe to second
Batting: RHB George Hubbard 0-0: Foul Ball, location: 2F
0-1: Called Strike
0-2: SINGLE (Groundball, 13S) (infield hit)
Gustavo Deleón scores
Wulf Paauwe to third
Héctor Velázquez to second
Batting: SHB Zack Murphy 0-0: Called Strike
0-1: Ball
1-1: Swinging Strike
1-2: Strikes out swinging
Bottom of the 7th over - 1 run, 2 hits, 0 errors, 3 left on base; Belvedere Park 0 - Yakima 7
TOP OF THE 8TH
Belvedere Park Rawhides batting - Pitching for Yakima Hops : RHP Rodrigo Hagen
Batting: RHB Hang-ki Chung 0-0: Called Strike
0-1: Swinging Strike
0-2: Foul Ball, location: 2F
0-2: Ball
1-2: Ball
2-2: Fly out, F7 (Flyball, 7)
Batting: RHB Mike Printup 0-0: Called Strike
0-1: SINGLE (Line Drive, 34D)
Batting: RHB Wallace Belyeu 0-0: Called Strike
0-1: Called Strike
0-2: Fly out, F7 (Flyball, 7LS)
Batting: RHB Woodrow McGuire 0-0: Foul Ball, location: 2F
0-1: Ground out 5-3 (Groundball, 56S)
Top of the 8th over - 0 runs, 1 hit, 0 errors, 1 left on base; Belvedere Park 0 - Yakima 7
BOTTOM OF THE 8TH
Yakima Hops batting - Pitching for Belvedere Park Rawhides : RHP Timoteo Sassetti
Batting: RHB Sergio Torres 0-0: Called Strike
0-1: Ball
1-1: Ball
2-1: Foul Ball, location: 2F
2-2: Ball
3-2: Foul Ball, location: 2F
3-2: Foul Ball, location: 2F
3-2: Base on Balls
Batting: RHB Vonne Navarrete 0-0: Fly out, F6 (Line Drive, 6)
Batting: RHB Lee Scrooby 0-0: Ground out 6-3 (Groundball, 6MD)
Sergio Torres to second
Batting: LHB Gustavo Deleón 0-0: Foul Ball, location: 2F
0-1: Foul Ball, location: 2F
0-2: Fly out, F8 (Line Drive, 8LD)
Bottom of the 8th over - 0 runs, 0 hits, 0 errors, 1 left on base; Belvedere Park 0 - Yakima 7
TOP OF THE 9TH
Belvedere Park Rawhides batting - Pitching for Yakima Hops : RHP Rodrigo Hagen
Now at C: Nicholas Seal
Now at 1B: Jeromy Gride
Now at 3B: Luis León
Batting: LHB Ken Gill 0-0: Ball
1-0: Called Strike
1-1: Foul Ball, location: 2F
1-2: Foul Ball, location: 2F
1-2: Ball
2-2: Ground out 3-1 (Groundball, 34S)
Batting: RHB Domingo Trujillo 0-0: Called Strike
0-1: Ball
1-1: Foul Ball, location: 2F
1-2: Fly out, F8 (Flyball, 78M)
Batting: RHB Pat Lloyd 0-0: Called Strike
0-1: SINGLE (Groundball, 6MD)
Batting: RHB Pat Sizemore 0-0: Fly out, F8 (Flyball, 8LM)
Top of the 9th over - 0 runs, 1 hit, 0 errors, 1 left on base; Belvedere Park 0 - Yakima 7
Friday, March 29th, 2019 - OOTP Baseball 18.8 Build 76